 Dungeon Crawl Stone Soup version 0.30-a0-605-gb2882149bf (webtiles) character file.

Game seed: 14249216825142108489

715 spardeous the Nimble (level 7, -11/27 HPs)
             Began as a Felid Earth Elementalist on Jan 7, 2023.
             Mangled by a wraith (13 damage)
             ... on level 5 of the Dungeon.
             The game lasted 00:09:28 (4379 turns).

spardeous the Nimble (Felid Earth Elementalist)     Turns: 4379, Time: 00:09:28

Health: -11/27     AC:  2    Str:  4    XL:     7   Next: 41%
Magic:  15/20      EV: 24    Int: 18    God:
Gold:   243        SH:  0    Dex: 17    Spells: 6/10 levels left
                                        Lives:  0   Deaths: 2

rFire   . . .      SeeInvis +    (weapon unavailable)
rCold   . . .      Faith    .    (shield unavailable)
rNeg    . . .      Spirit   .    (body armour unavailable)
rPois   +          Reflect  .    (helmet unavailable)
rElec   +          Harm     .    (cloak unavailable)
rCorr   .          Rampage  .    (gloves unavailable)
Will    +....                    (boots unavailable)
Stlth   ++                       (no amulet)
HPRegen 0.24/turn                t - ring of magical power
MPRegen 0.17/turn                o - ring "Raof Teph" {Wiz rElec rPois}

@: quick
A: very small, claws 1, fangs 3, see invisible, speed 1, shaggy fur 2, stealthy
paws, no weapons or thrown items, no armour, multi-lived
a: no special abilities


You were on level 5 of the Dungeon.
You visited 1 branch of the dungeon, and saw 6 of its levels.
You also visited: Ossuary.

You collected 243 gold pieces.

Inventory:

Jewellery
 g - a +4 ring of protection
 i - a +5 ring of evasion
 l - a ring of willpower
 o - the ring "Raof Teph" (right paw) {Wiz rElec rPois}
   (You found it on level 4 of the Dungeon)

   [ring of wizardry]

   It improves your spell success rate.
   rElec:     It insulates you from electricity.
   rPois:     It protects you from poison.
 t - a ring of magical power (left paw)
 A - a ring of ice
Wands
 n - a wand of roots (5)
 u - a wand of paralysis (9)
Scrolls
 b - 3 scrolls of poison {unknown}
 c - 8 scrolls of teleportation {unknown}
 d - a scroll of enchant armour {unknown}
 h - 2 scrolls of immolation {unknown}
 k - 3 scrolls of fog {unknown}
 m - 8 scrolls of identify {unknown}
 q - a scroll of torment {unknown}
 r - a scroll of magic mapping {unknown}
 v - a scroll of silence {unknown}
 y - a scroll of brand weapon {unknown}
Potions
 a - 5 potions of magic
 e - 4 potions of heal wounds {unknown}
 f - 2 potions of curing {unknown}
 j - 2 potions of lignification {unknown}
 p - 2 potions of berserk rage {unknown}
 s - 4 potions of attraction {unknown}
 w - a potion of degeneration {unknown}
 x - a potion of cancellation {unknown}
 z - a potion of haste {unknown}


   Skills:
 + Level 10.8 Dodging
 - Level 2.6 Stealth
 - Level 2.0 Spellcasting
 + Level 3.2 Conjurations
 - Level 1.1 Transmutations
 - Level 7.0 Earth Magic


You had 6 spell levels left.
You knew the following spells:

 Your Spells              Type           Power      Damage    Failure   Level
a - Sandblast             Erth           54%        2d13      1%          1
b - Stone Arrow           Conj/Erth      40%        3d9       2%          3

Your spell library contained the following spells:

 Spells                   Type           Power      Damage    Failure   Level
 Passwall                 Tmut/Erth      13%        N/A       2%          2
 Sublimation of Blood     Necr           1%         N/A       11%         2
 Petrify                  Tmut/Erth      16%        N/A       14%         4
 Irradiate                Conj/Tmut      4%         3d13      58%         5


Dungeon Overview and Level Annotations

Branches:
Dungeon (6/15)            Ossuary (visited)
 Temple: D:4-7

Altars:
Cheibriados
Xom

Shops:
D:5 :


Innate Abilities, Weirdness & Mutations

You have sharp claws.
You have razor-sharp teeth.
You have supernaturally acute eyesight. (SInv)
You cover ground quickly. (Speed+)
You are covered in thick fur. (AC +2)
Your paws help you pounce on unaware monsters.
You are incapable of wielding weapons or throwing items.
You cannot wear armour.
You gain extra lives every three experience levels.


Message History

* * * LOW HITPOINT WARNING * * *
The wraith drains your vigour!
You feel yourself slow down.
You climb upwards.
There is a stone staircase leading down here.
The shadow slips into darkness.
The shadow flickers and vanishes for a moment.
The wraith misses you. The wraith attacks as you move away!
The wraith closely misses you. The wraith barely misses you.
The wraith attacks as you move away! The wraith completely misses you.
The shadow attacks as you move away! The shadow misses you. x2
The shadow attacks as you move away! The shadow misses you.
The shadow hits you!
* * * LOW HITPOINT WARNING * * *
You feel yourself speed up.
Casting: Sandblast (safe; 1% risk of failure)
Confirm with . or Enter, or press ? or * to list all spells.
Aiming: Sandblast (safe; 1% risk of failure)
Press: ? - help, Shift-Dir - straight line, f - shadow
Aim: a shadow (heavily damaged, 83% to hit)
The blast of sand hits the shadow.
The shadow is severely damaged.
The shadow misses you.
Casting: Sandblast (safe; 1% risk of failure)
Confirm with . or Enter, or press ? or * to list all spells.
Aiming: Sandblast (safe; 1% risk of failure)
Press: ? - help, Shift-Dir - straight line, f/p - shadow
Aim: a shadow (severely damaged, 83% to hit)
The blast of sand hits the shadow!
You destroy the shadow!
Your Conjurations skill increases to level 3!
Casting: Sandblast (safe; 1% risk of failure)
Confirm with . or Enter, or press ? or * to list all spells.
Aiming: Sandblast (safe; 1% risk of failure)
Press: ? - help, Shift-Dir - straight line, f - wraith
Aim: a wraith (83% to hit)
The blast of sand hits the wraith.
The wraith is lightly damaged.
The wraith hits you!
You die...

#...#....#######..#
######.........##.....<#
#..#.#............##...#
#....##............)..##
##.............##......##
##...#..#.##....###...#..#
#......##..W..>.###.###...
##.......#W#..........##...
##.........@##..##.........#
##.#.........###.#........###
#..#.........#.#..##.......#.
#................##........##
##......[.....................
####............................)
#................................
....†............................
....))...........................


You could see a wraith.

Vanquished Creatures
  A shadow (D:5)
  A water moccasin (D:6)
  2 ice beasts
  A black bear (D:4)
  3 ogres (D:5)
  A phantom (D:4)
  A scorpion (D:6)
  A hound (D:4)
  A gnoll bouda (D:4)
  Crazy Yiuf (D:2)
  3 jellies
  4 orc priests
  4 orc wizards
  An iguana (D:4)
  11 mummies (Ossuary)
  8 gnolls
  7 adders
  3 white imps
  An ufetubus (D:5)
  A worm (D:5)
  2 dart slugs
  24 orcs
  2 ball pythons (D:1)
  7 endoplasms
  3 giant cockroaches
  4 jackals (D:1)
  4 quokkas
  3 bats
  3 frilled lizards
  6 goblins
  3 goblin skeletons (Ossuary)
  2 kobolds
  4 kobold skeletons (Ossuary)
  An orc skeleton (Ossuary)
  4 rats
  11 rat skeletons (Ossuary)
139 creatures vanquished.

Vanquished Creatures (others)
  25 plants (D:4)
25 creatures vanquished.

Grand Total: 164 creatures vanquished

Notes
Turn   | Place    | Note
-------+----------+-------------------------------------------
     0 | D:1      | spardeous the Felid Earth Elementalist began the quest for
                  | the Orb.
     0 | D:1      | Reached XP level 1. HP: 7/7 MP: 4/4
   100 | D:1      | Reached skill level 3 in Dodging
   156 | D:1      | Reached XP level 2. HP: 7/11 MP: 0/6
   760 | D:2      | Found a shimmering altar of Xom.
   828 | D:2      | Reached XP level 3. HP: 14/14 MP: 4/7
   905 | D:2      | Found a faded altar of an unknown god.
   954 | D:2      | Reached skill level 4 in Dodging
  1119 | D:2      | Found a runed translucent door.
  1120 | D:2      | Noticed Crazy Yiuf
  1180 | D:2      | Killed Crazy Yiuf
  1181 | D:2      | Reached XP level 4. HP: 18/18 MP: 4/8
  1559 | D:4      | Noticed a black bear
  1579 | D:4      | Killed a black bear
  1580 | D:4      | Reached skill level 5 in Dodging
  1580 | D:4      | Reached XP level 5. HP: 21/21 MP: 5/9
  1646 | D:4      | Identified the ring "Raof Teph" {Wiz rElec rPois}
  1733 | D:4      | Learned a level 3 spell: Stone Arrow
  1781 | D:4      | Noticed a phantom
  1785 | D:4      | Reached skill level 6 in Dodging
  1802 | D:4      | Killed a phantom
  1803 | D:4      | Gained mutation: You are covered in thick fur. (AC +2)
                  | [Felid growth]
  1803 | D:4      | Reached XP level 6. HP: 24/24 MP: 4/10
  1817 | D:4      | Reached skill level 5 in Earth Magic
  1987 | D:4      | Reached skill level 7 in Dodging
  2322 | D:5      | Entered Level 5 of the Dungeon
  2435 | D:4      | Reached XP level 7. HP: 12/27 MP: 2/11
  2797 | D:5      | Reached skill level 8 in Dodging
  2996 | D:5      | Found a snail-covered altar of Cheibriados.
  3042 | D:5      | Found Bubuziumm's Book Boutique.
  3323 | D:5      | Reached skill level 9 in Dodging
  3323 | D:5      | Reached XP level 8. HP: 31/31 MP: 9/12
  3511 | D:6      | Found a sand-covered staircase.
  3515 | Ossuary  | Entered an ossuary
  4123 | D:6      | Reached skill level 1 in Conjurations
  4143 | D:6      | Killed from afar by an orc priest
  4144 | D:6      | Reached XP level 7. HP: -5/27 MP: 12/20
  4150 | D:6      | Noticed a shadow
  4160 | D:6      | Reached skill level 10 in Dodging
  4174 | D:6      | Killed from afar by an orc priest
  4175 | D:6      | Reached XP level 6. HP: -5/24 MP: 15/19
  4312 | D:6      | Noticed a water moccasin
  4316 | D:6      | Killed a water moccasin
  4317 | D:6      | Reached XP level 7. HP: 27/27 MP: 11/11
  4334 | D:6      | Noticed a wraith
  4375 | D:5      | HP: 1/27 [shadow (9)]
  4378 | D:5      | Killed a shadow
  4379 | D:5      | Mangled by a wraith

Illustrated notes

Levels and vault maps discovered:
D:1:      ncdulo_lavacross, layout_rooms
D:2:      layout_rooms, dreamdust_ecumenical_altar_angels_and_demons,
          basic_altar, kennysheep_small_spiral, uniq_crazy_yiuf_cottage
D:3:      layout_loops_corners, nemelex_xobeh_ov_fountains_minmay,
          nicolae_elevator_lobby_asterisk
D:4:      layout_basic, serial_park_tiny_1, nicolae_grassy_gnolls
D:5:      layout_cave_pools, slow_altar_1, serial_shops, shop,
          minmay_hedge_maze, lightli_corner_chamber
D:6:      kennysheep_big_flooded_room, layout_cave_pools,
          lightli_ossuary_entry_decrepit_ruins

Skill      XL: |  1  2  3  4  5  6  7  8 |
---------------+-------------------------+-----
Dodging        | 3 4 5 6 7 10 | 10.8
Earth Magic    | 3 4 5 6 7 |  7.0
Conjurations   | 2 3 1 |  3.2
Stealth        | |  2.6
Spellcasting   | |  2.0
Transmutations | |  1.1

Action                   |  1- 3 |  4- 6 |  7- 9 || total
-------------------------+-------+-------+-------++-------
Melee: Unarmed           |     8 |     5 |     5 ||    18
       Bite              |     1 |       |     1 ||     2
       Punch             |       |     1 |       ||     1
 Cast: Sandblast         |    55 |    92 |   153 ||   300
Armor: Skin              |     4 |    12 |       ||    16
Dodge: Dodged            |    23 |    58 |    63 ||   144

Table legend: (Time is in decaauts)
 A = Elapsed time spent in this place.
 B = Non-inter-level travel time spent in this place.
 C = Inter-level travel time spent in this place.
 D = Time resting spent in this place.
 E = Time spent auto-exploring this place.
 F = Levels seen in this place.
 G = Mean time per level.
                   A        B        C        D        E       F      G
               +--------+--------+--------+--------+--------+-----+--------+
         Total |   4118 |   4010 |    108 |    387 |   2617 |   7 |  588.3 |
       Dungeon |   3552 |   3444 |    108 |    387 |   2176 |   6 |  592.0 |
       Ossuary |    566 |    566 |      0 |      0 |    441 |   1 |  566.0 |
               +--------+--------+--------+--------+--------+-----+--------+

Top non-repeatable levels by time:
     D:4: 1107 daAuts
     D:5: 818 daAuts
     D:2: 726 daAuts
 Ossuary: 566 daAuts
     D:1: 454 daAuts
     D:6: 330 daAuts
     D:3: 114 daAuts
